 Dungeon Crawl Stone Soup version 0.15-a0-2198-g7f377d1 (webtiles) character file.

1718 PolkaDot the Jinx (level 8, -1/52 HPs)
             Began as a Vampire Enchanter on July 23, 2014.
             Was an Initiate of Gozag.
             Shot with a bolt by an orc (15 damage)
             ... in a bailey on July 24, 2014.
             The game lasted 00:35:57 (6042 turns).

PolkaDot the Jinx (Vampire Enchanter)               Turns: 6042, Time: 00:35:57

HP  -1/52        AC  3     Str  7      XL: 8   Next: 75%
MP  10/22        EV 12     Int 19      God: Gozag
Gold 310         SH  0     Dex 14      Spells:  4 memorised,  1 level left

rFire  . . .     SeeInvis +     k - +2 dagger (speed)
rCold  + + .     Clarity  .     b - +1 robe
rNeg   + + +     rCorr    .     (no shield)
rPois  +         rRot     +     (no helmet)
rElec  .         Spirit   .     (no cloak)
SustAb .         Warding  .     (no gloves)
rMut   +         Stasis   .     (no boots)
Gourm  .                        a - amulet of resist mutation
MR     .....                    v - ring of magical power
                                (no ring)

@: bloodless, non-regenerating, not resistant to hostile enchantments, very
stealthy
A: bottle blood, fangs 3, see invisible, unbreathing
a: Bat Form, Bottle Blood, Potion Petition, Call Merchant, Bribe Branch,
Renounce Religion


You were in a bailey.
You worshipped Gozag.
Gozag was noncommittal.
You were bloodless.

You visited 2 branches of the dungeon, and saw 8 of its levels.
You also visited: Bailey.

You collected 435 gold pieces.
You paid 125 gold pieces to Gozag.

Inventory:

Hand weapons
 k - a +2 dagger of speed (weapon)
Armour
 b - a +1 robe (worn)
 u - the +3 leather armour "Zytorosot" {MR++ Str+2, unknown}
   (You found it on level 6 of the Dungeon)

   It affects your strength (+2).
   It affects your resistance to hostile enchantments.
Magical devices
 l - a wand of teleportation (0)
 y - a wand of paralysis (7)
Scrolls
 d - a scroll of noise {unknown}
 e - a scroll of fog {unknown}
 h - a scroll of amnesia {unknown}
 n - a scroll of remove curse
 q - a scroll of blinking {unknown}
 s - a scroll of enchant weapon {unknown}
 w - a scroll of enchant armour {unknown}
Jewellery
 a - an amulet of resist mutation (around neck)
 v - a ring of magical power (right hand)
Potions
 f - 2 potions of agility
 g - 5 potions of restore abilities
 i - a potion of flight
 j - 2 potions of curing
 m - 3 potions of might
 o - a potion of mutation {!q}
 p - 2 potions of brilliance {unknown}
 r - a potion of degeneration {unknown}
 t - a potion of haste {unknown}
 z - a potion of heal wounds {unknown}
Books
 c - a book of Maledictions

   Spells                             Type                      Level
   *Corona                            Hexes                        1
   Sure Blade                         Hexes/Charms                 2
   *Ensorcelled Hibernation           Hexes/Ice                    2
   *Confuse                           Hexes                        3
   Dazzling Spray                     Conjuration/Hexes            3
   *Enslavement                       Hexes                        4
 x - a Necronomicon {highlevel, unknown}

   This book is beyond your current level of understanding.

   Spells                             Type                      Level
   Haunt                              Necromancy/Summoning         7
   Borgnjor's Revivification          Necromancy                   8
   Death's Door                       Charms/Necromancy            8
   Necromutation                      Transmutation/Necromancy     8


   Skills:
 - Level 3.1 Short Blades
 - Level 2.1 Dodging
 + Level 10.4 Stealth
 - Level 2.0 Spellcasting
 * Level 12.9 Hexes
 - Level 1.0 Ice Magic


You had one spell level left.
You knew the following spells:

 Your Spells              Type           Power        Failure   Level  Hunger
a - Corona                Hex            ######.      1%          1    #......
c - Confuse               Hex            ######..     1%          3    ####...
d - Ensorcelled Hibernat  Hex/Ice        ####..       1%          2    ##.....
e - Enslavement           Hex            ######..     1%          4    #####..


Dungeon Overview and Level Annotations

Branches:
Dungeon (7/15)             Temple (1/1) D:5

Altars:
Ashenzari
Fedhas
Gozag
Kikubaaqudgha
Okawaru
Qazlal


Innate Abilities, Weirdness & Mutations

You do not heal naturally.
You can bottle blood from corpses.
You have razor-sharp teeth.
You have supernaturally acute eyesight.
You can survive without breathing.


Message History

Orders for allies: a - Attack new target. p - Attack previous target. r - Retreat! s - Stop attacking. w - Wait here. f - Follow me.
Anything else - Stay silent.
Wait here!
Why would you want to do that?
Casting: Enslavement
Confirm with . or Enter, or press ? or * to list all spells.
You don't know that spell.
Casting: Enslavement
Confirm with . or Enter, or press ? or * to list all spells.
Aiming: Confuse
Press: ? - help, Shift-Dir - straight line, f/p - orc
Aim: an orc, wielding an arbalest, wearing a ring mail and quivering 17 bolts (in your thrall, friendly) Really fire at your orc?
The orc is no longer charmed.
The orc appears confused.
* * * LOW MAGIC WARNING * * *
The orc shoots a bolt.
The bolt hits you!
You die...
Your body crumbles into a pile of gold.

... ≈≈≈ ....≈ #.#
..
#.....o≈##.##≈...
#......≈.(^. ≈....
#......≈##o##≈....
#......≈≈#)#≈≈....
#.......≈≈≈≈≈......
#.........@........
#..................
#..................
#..................
#.∩...............
#∩................
##################


You could see 2 orcs.

Vanquished Creatures
  An ice beast (D:6)
  2 sky beasts
  2 necrophages (D:7)
  2 ogres
  A centaur (D:5)
  Sigmund (D:7)
  A wyvern zombie (D:6)
  2 scorpions (D:6)
  5 wights
  3 crimson imps
  2 goliath beetles
  2 orc priests
  2 iguanas (D:6)
  3 worker ants
  An ogre skeleton (D:6)
  9 adders
  A shadow imp (D:6)
  A giant mite (D:6)
  4 worms
  An adder zombie (D:5)
  6 giant geckos
  19 orcs
  2 giant cockroaches
  12 goblins
  12 hobgoblins
  11 jackals
  3 quokkas
  A ball python (D:1)
  10 bats
  5 giant newts
  A jackal skeleton (D:6)
  11 kobolds
  9 rats
148 creatures vanquished.

Notes
Turn   | Place    | Note
--------------------------------------------------------------
     0 | D:1      | PolkaDot, the Vampire Enchanter, began the quest for the Orb.
     0 | D:1      | Reached XP level 1. HP: 13/13 MP: 3/3
   211 | D:1      | Reached XP level 2. HP: 19/19 MP: 4/4
   638 | D:1      | Learned a level 2 spell: Ensorcelled Hibernation
  1182 | D:2      | Reached XP level 3. HP: 20/24 MP: 0/6
  1413 | D:2      | Learned a level 3 spell: Confuse
  1423 | D:2      | Reached skill level 1 in Ice Magic
  1612 | D:2      | Reached skill level 5 in Hexes
  2161 | D:3      | Noticed a sky beast
  2210 | D:3      | Killed a sky beast
  2210 | D:3      | Reached skill level 5 in Stealth
  2210 | D:3      | Reached skill level 6 in Hexes
  2210 | D:3      | Reached XP level 4. HP: 13/30 MP: 0/7
  2210 | D:3      | Reached XP level 5. HP: 15/35 MP: 0/9
  2950 | D:3      | Found a stormy altar of Qazlal.
  3012 | D:3      | Reached skill level 7 in Hexes
  3925 | D:5      | Entered Level 5 of the Dungeon
  3949 | D:5      | Found a staircase to the Ecumenical Temple.
  3952 | D:5      | Reached XP level 6. HP: 39/41 MP: 5/10
  4021 | Temple   | Entered the Ecumenical Temple
  4025 | Temple   | Became a worshipper of Gozag Ym Sagoz the Greedy
  4035 | D:5      | Noticed an ogre
  4076 | D:5      | Killed an ogre
  4076 | D:5      | Reached skill level 8 in Hexes
  4080 | D:5      | Noticed a centaur
  4141 | D:5      | Killed a centaur
  4311 | D:5      | Reached skill level 9 in Hexes
  4348 | D:5      | Found a blossoming altar of Fedhas.
  4448 | D:5      | Reached XP level 7. HP: 46/46 MP: 12/12
  4815 | D:6      | Learned a level 4 spell: Enslavement
  4890 | D:6      | Found a shattered altar of Ashenzari.
  4902 | D:6      | Got a warped leather armour
  4949 | D:6      | Reached skill level 10 in Hexes
  5341 | D:6      | Reached skill level 11 in Hexes
  5341 | D:6      | Reached XP level 8. HP: 45/52 MP: 13/13
  5685 | D:6      | Reached skill level 12 in Hexes
  5915 | D:7      | Noticed Sigmund
  5918 | D:7      | Killed Sigmund
  5918 | D:7      | Reached skill level 10 in Stealth
  6007 | D:7      | Found a flagged portal.
  6019 | Bailey   | Entered a bailey
  6042 | Bailey   | Shot with a bolt by an orc

Action                   |  1- 3 |  4- 6 |  7- 9 || total
-------------------------+-------+-------+-------++-------
Melee: Dagger            |   110 |    88 |   151 ||   349
 Cast: Ensorcelled Hiber |    27 |    42 |    29 ||    98
       Confuse           |       |     1 |    12 ||    13
       Corona            |       |     1 |       ||     1
       Enslavement       |       |       |     3 ||     3
Evoke: Wand              |       |     1 |     2 ||     3
  Use: Scroll            |       |    11 |     1 ||    12
       Potion            |       |     2 |       ||     2
 Stab: Sleeping          |    27 |    39 |    39 ||   105
       Confused          |       |     1 |     7 ||     8
       Distracted        |       |     1 |     1 ||     2
